[Event "Titled Tuesday Blitz June 27 Early 2023"]
[White "le-castor-faineant"]
[Black "Thecourseoisildur"]
[WhiteElo "2150"]
[BlackElo "2494"]
[Result "1/2-1/2"]
[Round "7"]
[TimeControl "180+2"]
[Date "2023.06.27"]
[WhiteClock "0:01:09"]
[BlackClock "0:02:28"]
[Board "168"]

1. e4 c5 2. c3 d5 3. exd5 Qxd5 4. Nf3 Nf6 5. d4 Nc6 6. Na3 Bg4 7. Bc4 Qe4+ 8. Qe2 Bxf3 9. gxf3 Qxe2+ 10. Kxe2 cxd4 11. Nb5 O-O-O 12. cxd4 a6 1/2-1/2


[Site "https://www.chess.com"]

[Event "Titled Tuesday Blitz June 27 Early 2023"]
[White "Matyukov, Petr"]
[Black "Georg, Heinz"]
[WhiteFideId "4103688"]
[BlackFideId "4607295"]
[WhiteElo "2481"]
[BlackElo "2282"]
[Result "1-0"]
[Round "7"]
[TimeControl "180+2"]
[Date "2023.06.27"]
[WhiteClock "0:00:12"]
[BlackClock "0:00:00"]
[Board "170"]

1. d4 f5 2. Nf3 Nf6 3. c4 g6 4. Nc3 Bg7 5. e3 O-O 6. Bd3 d6 7. O-O c6 8. Qc2 Qe8 9. Rb1 e5 10. dxe5 dxe5 11. Be2 e4 12. Nd4 Nbd7 13. b4 Ne5 14. Qb3 Kh8 15. a4 g5 16. Ba3 Rg8 17. b5 g4 18. Bd6 Nf3+ 19. Kh1 Nxd4 20. exd4 Nh5 21. Rbd1 f4 22. f3 gxf3 23. gxf3 e3 24. Ne4 Bf5 25. c5 Nf6 26. Ng5 Nd5 27. bxc6 bxc6 28. Qb7 Bg6 29. Bd3 Bf6 30. Bxg6 Qxg6 31. Nf7+ Kg7 32. Ne5+ Kh8 33. Nxg6+ hxg6 34. Rg1 e2 35. Rde1 Bxd4 36. Rg4 Rg7 37. Qxa8+ Rg8 38. Rh4+ Kg7 39. Qb7+ Kf6 40. Rxf4+ Nxf4 41. Bxf4 Rg7 42. Qxc6+ Kf5 43. Qe4+ Kf6 44. Qxd4+ 1-0


[Site "https://www.chess.com"]

[Event "Titled Tuesday Blitz June 27 Early 2023"]
[White "Zampronha, Wladimir Camilo"]
[Black "Begunov, Konstantin"]
[WhiteFideId "2103087"]
[BlackFideId "4118510"]
[WhiteElo "2248"]
[BlackElo "2432"]
[Result "1/2-1/2"]
[Round "7"]
[TimeControl "180+2"]
[Date "2023.06.27"]
[WhiteClock "0:02:13"]
[BlackClock "0:01:09"]
[Board "172"]

1. e4 c5 2. Nf3 d6 3. d4 cxd4 4. Nxd4 Nf6 5. Nc3 a6 6. Bg5 e6 7. f4 Qb6 8. Qd2 Nc6 9. Nb3 Be7 10. O-O-O O-O 11. g4 Kh8 12. h4 1/2-1/2


[Site "https://www.chess.com"]

[Event "Titled Tuesday Blitz June 27 Early 2023"]
[White "Fajdetic, Hrvoje"]
[Black "Srdanovic, Jovana"]
[WhiteFideId "14501945"]
[BlackFideId "954810"]
[WhiteElo "2346"]
[BlackElo "2392"]
[Result "1/2-1/2"]
[Round "7"]
[TimeControl "180+2"]
[Date "2023.06.27"]
[WhiteClock "0:01:19"]
[BlackClock "0:02:30"]
[Board "173"]

1. b3 d5 2. Bb2 Nf6 3. f4 c6 4. Nf3 g6 5. e3 Bg7 6. Be2 O-O 7. O-O a5 8. a4 Na6 9. Qe1 Nc5 10. d3 Bg4 11. Qh4 Bxf3 12. Bxf3 Ne6 1/2-1/2


[Site "https://www.chess.com"]

[Event "Titled Tuesday Blitz June 27 Early 2023"]
[White "Petrova, Irina"]
[Black "VoicelessFeather"]
[WhiteFideId "14124122"]
[WhiteElo "2385"]
[BlackElo "2146"]
[Result "1/2-1/2"]
[Round "7"]
[TimeControl "180+2"]
[Date "2023.06.27"]
[WhiteClock "0:02:29"]
[BlackClock "0:00:49"]
[Board "174"]

1. e4 e5 2. Nf3 Nc6 3. Bc4 Bc5 4. d3 Nf6 5. a4 a6 6. Nc3 h6 7. Be3 Bxe3 8. fxe3 d6 9. O-O O-O 10. Qe1 Be6 11. Nd5 Nd7 12. Qg3 1/2-1/2


[Site "https://www.chess.com"]

[Event "Titled Tuesday Blitz June 27 Early 2023"]
[White "Samarth J Rao"]
[Black "Ho, In Hei Henry"]
[WhiteFideId "46652370"]
[BlackFideId "6002552"]
[WhiteElo "2184"]
[BlackElo "2023"]
[Result "1/2-1/2"]
[Round "7"]
[TimeControl "180+2"]
[Date "2023.06.27"]
[WhiteClock "0:02:31"]
[BlackClock "0:00:58"]
[Board "175"]

1. d4 g6 2. Nf3 Bg7 3. e3 d6 4. Bd3 Nf6 5. O-O O-O 6. b3 c6 7. Bb2 Nbd7 8. c4 d5 9. Qc2 e6 10. Nbd2 b6 11. Ne5 Bb7 12. f4 Rc8 13. e4 dxe4 14. Nxe4 c5 15. dxc5 Nxc5 16. Nxc5 Rxc5 17. Rad1 Qc7 18. Ba3 1/2-1/2


[Site "https://www.chess.com"]

[Event "Titled Tuesday Blitz June 27 Early 2023"]
[White "Gardezi, Arsal"]
[Black "Pratama, Constantius Leonardo"]
[WhiteFideId "30949521"]
[BlackFideId "7104677"]
[WhiteElo "2186"]
[BlackElo "2580"]
[Result "1/2-1/2"]
[Round "7"]
[TimeControl "180+2"]
[Date "2023.06.27"]
[WhiteClock "0:00:49"]
[BlackClock "0:02:22"]
[Board "176"]

1. e4 c5 2. Nf3 Nc6 3. c3 d5 4. exd5 Qxd5 5. d4 cxd4 6. cxd4 e5 7. Nc3 Bb4 8. dxe5 Qxd1+ 9. Kxd1 Bg4 10. Kc2 Bxf3 1/2-1/2


[Site "https://www.chess.com"]

[Event "Titled Tuesday Blitz June 27 Early 2023"]
[White "Labussiere, Yago"]
[Black "campochess"]
[WhiteFideId "2186969"]
[WhiteElo "2454"]
[BlackElo "2165"]
[Result "1/2-1/2"]
[Round "7"]
[TimeControl "180+2"]
[Date "2023.06.27"]
[WhiteClock "0:01:24"]
[BlackClock "0:01:55"]
[Board "177"]

1. d4 c5 2. d5 Nf6 3. Nc3 g6 4. e4 d6 5. Nf3 Bg7 6. h3 a6 7. a4 O-O 8. Bf4 Nfd7 9. Bd3 b6 10. O-O Ra7 11. Nd2 Re8 12. Nc4 Ne5 13. Nxe5 dxe5 1/2-1/2


[Site "https://www.chess.com"]

[Event "Titled Tuesday Blitz June 27 Early 2023"]
[White "Vaglio Munoz, Jaime"]
[Black "Tqebuchava, Zurab"]
[WhiteFideId "6500145"]
[BlackFideId "13601113"]
[WhiteElo "2290"]
[BlackElo "2099"]
[Result "1-0"]
[Round "7"]
[TimeControl "180+2"]
[Date "2023.06.27"]
[WhiteClock "0:01:57"]
[BlackClock "0:00:00"]
[Board "180"]

1. e4 d6 2. d4 Nf6 3. Nc3 c6 4. f3 b5 5. Be3 b4 6. Nce2 a5 7. g4 h6 8. h4 Ba6 9. Bg2 g6 10. Qd2 Nbd7 11. a3 1-0


[Site "https://www.chess.com"]

[Event "Titled Tuesday Blitz June 27 Early 2023"]
[White "Rodrigues Mota, Romulo Cardoso S"]
[Black "Jaivardhan Raj"]
[WhiteFideId "2187442"]
[BlackFideId "25744437"]
[WhiteElo "2287"]
[BlackElo "2091"]
[Result "1/2-1/2"]
[Round "7"]
[TimeControl "180+2"]
[Date "2023.06.27"]
[WhiteClock "0:02:24"]
[BlackClock "0:01:14"]
[Board "181"]

1. e4 c5 2. Nf3 e6 3. d4 cxd4 4. Nxd4 Nc6 5. Nxc6 bxc6 6. Bd3 Nf6 7. e5 Qa5+ 8. Nc3 Qxe5+ 9. Be3 d5 10. O-O d4 11. Qf3 Bd7 12. Bf4 Qc5 13. Nb5 1/2-1/2


[Site "https://www.chess.com"]

[Event "Titled Tuesday Blitz June 27 Early 2023"]
[White "Semenova, Alina"]
[Black "Zaichenko, Daria"]
[WhiteFideId "24113875"]
[BlackFideId "4197453"]
[WhiteElo "2052"]
[BlackElo "2266"]
[Result "1/2-1/2"]
[Round "7"]
[TimeControl "180+2"]
[Date "2023.06.27"]
[WhiteClock "0:01:07"]
[BlackClock "0:02:10"]
[Board "182"]

1. e4 c5 2. Nf3 Nc6 3. d4 cxd4 4. Nxd4 Nf6 5. Nc3 d6 6. Be2 e5 7. Nb3 Be7 8. O-O O-O 9. Be3 a5 10. a4 Be6 11. f3 d5 12. exd5 Nxd5 13. Nxd5 Bxd5 14. Nc5 Bxc5 1/2-1/2


[Site "https://www.chess.com"]

[Event "Titled Tuesday Blitz June 27 Early 2023"]
[White "Bolanos, Fernando"]
[Black "Clawitter, Craig"]
[WhiteFideId "3304094"]
[BlackFideId "2023105"]
[WhiteElo "2260"]
[BlackElo "2211"]
[Result "0-1"]
[Round "7"]
[TimeControl "180+2"]
[Date "2023.06.27"]
[WhiteClock "0:00:00"]
[BlackClock "0:02:39"]
[Board "183"]

1. e4 e6 2. d4 d5 3. e5 c5 4. c3 Qb6 5. Nf3 Nc6 6. a3 Nh6 7. b4 cxd4 8. cxd4 Nf5 9. Be3 Nxe3 10. fxe3 f6 11. exf6 gxf6 12. Bd3 Bh6 13. Qe2 O-O 14. O-O e5 15. Bb5 exd4 0-1


[Site "https://www.chess.com"]

[Event "Titled Tuesday Blitz June 27 Early 2023"]
[White "Guevara Sanchez, Erick Marvin"]
[Black "De Souza, Cristiano Gomes"]
[WhiteFideId "6700136"]
[BlackFideId "2151758"]
[WhiteElo "1999"]
[BlackElo "2249"]
[Result "0-1"]
[Round "7"]
[TimeControl "180+2"]
[Date "2023.06.27"]
[WhiteClock "0:00:00"]
[BlackClock "0:02:33"]
[Board "184"]

1. e4 c5 2. Nf3 d6 3. d4 cxd4 4. Nxd4 Nf6 5. Nc3 g6 6. Be3 Bg7 7. Qd2 O-O 8. f3 Nc6 9. Bc4 Bd7 10. O-O-O Rc8 11. Bb3 Ne5 12. Bh6 Qa5 13. h4 Bxh6 14. Qxh6 Rxc3 15. bxc3 Qxc3 0-1


[Site "https://www.chess.com"]

[Event "Titled Tuesday Blitz June 27 Early 2023"]
[White "Skiadopoulos, Nikolaos"]
[Black "Abrosimov, Vladimir"]
[WhiteFideId "4200772"]
[BlackFideId "4166892"]
[WhiteElo "1921"]
[BlackElo "2234"]
[Result "0-1"]
[Round "7"]
[TimeControl "180+2"]
[Date "2023.06.27"]
[WhiteClock "0:00:00"]
[BlackClock "0:02:29"]
[Board "185"]

1. e4 c5 2. b4 cxb4 3. a3 bxa3 4. Nxa3 d6 5. Nf3 Nf6 6. c3 Bd7 7. d3 g6 8. Be2 Bg7 9. h4 Qc7 10. Bd2 a6 11. h5 Nxh5 12. Rxh5 gxh5 0-1


[Site "https://www.chess.com"]

[Event "Titled Tuesday Blitz June 27 Early 2023"]
[White "Ajavon, Anthony Obieni"]
[Black "Vargas, Mauricio"]
[WhiteFideId "12600784"]
[BlackFideId "4404572"]
[WhiteElo "2013"]
[BlackElo "1842"]
[Result "1/2-1/2"]
[Round "7"]
[TimeControl "180+2"]
[Date "2023.06.27"]
[WhiteClock "0:02:32"]
[BlackClock "0:00:41"]
[Board "188"]

1. d4 d5 2. c4 c6 3. Nc3 e6 4. Nf3 Nf6 5. Bf4 Nbd7 6. e3 Bd6 7. Bxd6 Nb6 8. c5 Nc4 9. Bxc4 dxc4 10. O-O b6 11. a4 1/2-1/2


[Site "https://www.chess.com"]

[Event "Titled Tuesday Blitz June 27 Early 2023"]
[White "Ivanova, Karina"]
[Black "Larina, Maria"]
[WhiteFideId "24139750"]
[BlackFideId "24113182"]
[WhiteElo "2158"]
[BlackElo "2188"]
[Result "1/2-1/2"]
[Round "7"]
[TimeControl "180+2"]
[Date "2023.06.27"]
[WhiteClock "0:01:16"]
[BlackClock "0:01:49"]
[Board "189"]

1. e4 c6 2. Nf3 d5 3. exd5 cxd5 4. d4 Bg4 5. Bb5+ Nc6 6. c3 Nf6 7. h3 Bh5 8. O-O Bxf3 9. Qxf3 e6 10. Bg5 Be7 11. Nd2 h6 12. Bh4 O-O 13. Rfe1 Rc8 1/2-1/2


[Site "https://www.chess.com"]

[Event "Titled Tuesday Blitz June 27 Early 2023"]
[White "Tarnowska, Aleksandra"]
[Black "Flis, Pawel"]
[WhiteFideId "1180967"]
[BlackFideId "1112864"]
[WhiteElo "2147"]
[BlackElo "2122"]
[Result "1-0"]
[Round "7"]
[TimeControl "180+2"]
[Date "2023.06.27"]
[WhiteClock "0:01:47"]
[BlackClock "0:00:00"]
[Board "191"]

1. e4 c5 2. Nf3 d6 3. Bb5+ Bd7 4. Bxd7+ Qxd7 5. O-O Nc6 6. d4 cxd4 7. Nxd4 g6 8. c4 Bg7 9. Be3 Nf6 10. Nc3 O-O 11. Qd2 Ng4 12. Nxc6 bxc6 13. h3 1-0


[Site "https://www.chess.com"]

[Event "Titled Tuesday Blitz June 27 Early 2023"]
[White "Wesolowska, Hanna"]
[Black "Floresvillar Gonzalez, Luis Migu"]
[WhiteFideId "1104683"]
[BlackFideId "5100542"]
[WhiteElo "2145"]
[BlackElo "2109"]
[Result "0-1"]
[Round "7"]
[TimeControl "180+2"]
[Date "2023.06.27"]
[WhiteClock "0:00:00"]
[BlackClock "0:02:15"]
[Board "192"]

1. e4 c6 2. Nc3 d5 3. d4 dxe4 4. Nxe4 Bf5 5. Ng3 Bg6 6. Nh3 Nd7 7. Nf4 e5 8. dxe5 Qa5+ 9. c3 Qxe5+ 10. Be3 Bc5 11. Nxg6 hxg6 12. Qf3 Bxe3 13. Qxe3 Qxe3+ 14. fxe3 Ngf6 15. O-O-O O-O-O 0-1


[Site "https://www.chess.com"]

[Event "Titled Tuesday Blitz June 27 Early 2023"]
[White "Dahlgren, James Allen"]
[Black "Winkels, Marcel"]
[WhiteFideId "22256873"]
[BlackFideId "1003887"]
[WhiteElo "2141"]
[BlackElo "2101"]
[Result "0-1"]
[Round "7"]
[TimeControl "180+2"]
[Date "2023.06.27"]
[WhiteClock "0:00:00"]
[BlackClock "0:02:06"]
[Board "193"]

1. d3 Nf6 2. Nf3 g6 3. g3 Bg7 4. Bg2 O-O 5. O-O d5 6. Nc3 d4 7. Ne4 Nxe4 8. dxe4 c5 9. Bf4 Nc6 10. Qd2 e5 11. Bh6 Be6 12. Bxg7 Kxg7 13. Nh4 f6 0-1


[Site "https://www.chess.com"]

[Event "Titled Tuesday Blitz June 27 Early 2023"]
[White "Andreikin, Dmitry"]
[Black "Indjic, Aleksandar"]
[WhiteFideId "4158814"]
[BlackFideId "911925"]
[WhiteElo "3008"]
[BlackElo "2968"]
[Result "1-0"]
[Round "8"]
[TimeControl "180+2"]
[Date "2023.06.27"]
[WhiteClock "0:00:02"]
[BlackClock "0:00:00"]
[Board "1"]

1. e4 e5 2. Nf3 Nc6 3. Bb5 Bc5 4. c3 Nf6 5. d4 exd4 6. e5 Nd5 7. O-O Be7 8. cxd4 d6 9. Nc3 Be6 10. exd6 cxd6 11. Re1 O-O 12. h3 Rc8 13. Bd2 Nxc3 14. bxc3 d5 15. Bd3 Re8 16. Rb1 Qd7 17. Re3 h6 18. Qe2 Bf6 19. Re1 Re7 20. Bb1 Bf5 21. Bxf5 Qxf5 22. Rxe7 Nxe7 23. Qb5 b6 24. Ne5 Qc2 25. Ng4 Bh4 26. Qd7 Qxd2 27. Rxe7 Rf8 28. Re8 h5 29. Rxf8+ Kxf8 30. Qc8+ Ke7 31. Qc7+ Kf8 32. Qb8+ Ke7 33. Qxa7+ Ke6 34. Qxb6+ Kf5 35. Qb1+ Kg5 36. Ne5 Bxf2+ 37. Kh1 Qxc3 38. Qf1 Bxd4 39. Nxf7+ Kg6 40. Nd6 1-0


[Site "https://www.chess.com"]

[Event "Titled Tuesday Blitz June 27 Early 2023"]
[White "Hakobyan, Aram"]
[Black "So, Wesley"]
[WhiteFideId "13306677"]
[BlackFideId "5202213"]
[WhiteElo "3007"]
[BlackElo "3107"]
[Result "1/2-1/2"]
[Round "8"]
[TimeControl "180+2"]
[Date "2023.06.27"]
[WhiteClock "0:00:04"]
[BlackClock "0:00:03"]
[Board "2"]

1. d4 Nf6 2. c4 e6 3. Nc3 d5 4. Nf3 a6 5. cxd5 exd5 6. Bg5 Be6 7. e3 Nbd7 8. Bd3 Bd6 9. h3 c6 10. Bf4 Qc7 11. Qd2 O-O 12. O-O Rfe8 13. Rfe1 h6 14. Rac1 Rac8 15. b3 Nh5 16. Bxd6 Qxd6 17. Qb2 g6 18. b4 Nhf6 19. Na4 Rc7 20. Nc5 Nb6 21. Ne5 Nfd7 22. a4 Qe7 23. Nf3 Qf6 24. a5 Nc8 25. Ne5 Nd6 26. f4 Qe7 27. Rf1 Bf5 28. Bxf5 Nxf5 29. Rce1 Kg7 30. Qf2 Nf6 31. g4 Nd6 32. Qg2 Nfe4 33. f5 g5 34. Rf3 f6 35. Ng6 Qf7 36. h4 Kg8 37. Rh3 Qg7 38. hxg5 Nxg5 39. Rh5 Kf7 40. Nf4 Kg8 41. Nce6 Nxe6 42. Nxe6 Rxe6 43. fxe6 Re7 44. Qh3 Kh7 45. Kh1 Ne4 46. Rf1 Ng5 47. Qg3 Rxe6 48. Qf4 Qg6 49. Rh2 Qe4+ 50. Qxe4+ Nxe4 51. Kg1 Kg7 52. Rf4 Nd6 53. Rf3 Ne4 54. Rc2 Ng5 55. Rg3 Re4 56. Rf2 Kg6 57. Kg2 Nf7 58. Rf4 Re6 59. Rf2 Ng5 60. Re2 Ne4 61. Rf3 Nc3 62. Re1 Ne4 63. Re2 Ng5 64. Rg3 Re4 65. Re1 Ne6 66. Kf2 Kg5 67. Rh1 Ng7 68. Rgh3 f5 69. Rxh6 fxg4 70. Rh7 Nf5 71. Rh8 g3+ 72. Kg2 Rxe3 73. Rg8+ Kf4 74. Rf1+ Ke4 75. Re8+ Kxd4 76. Rg8 Re2+ 77. Kh3 Ne3 78. Rf4+ Kc3 79. Rxg3 d4 80. Rf7 d3 81. Rxb7 d2 82. Rd7 Kc2 83. Rg6 d1=Q 84. Rxc6+ Kb3 85. Rxd1 Nxd1 86. Rxa6 Kxb4 87. Ra8 Kb5 88. a6 Ne3 89. a7 Kb6 90. Kg3 Nf5+ 91. Kf3 Nd4+ 92. Kf4 Nc6 93. Rc8 Nxa7 94. Rc4 Nc6 95. Re4 Rd2 96. Ke3 Rd5 97. Rc4 Kb5 98. Rc1 Nb4 99. Ke4 Rd8 100. Rc7 Re8+ 101. Kf3 Nd5 102. Rc1 Re3+ 103. Kf2 Re6 104. Rc8 Nb4 105. Kf3 Nc6 106. Rh8 Kc5 107. Rh5+ Kd4 108. Rh4+ Kd3 109. Rh8 Nd4+ 110. Kf4 Re4+ 111. Kg5 Ke3 112. Rh3+ Nf3+ 113. Kf6 Kf4 114. Rh1 Ra4 115. Rb1 Ra6+ 116. Ke7 Nd4 117. Rb4 Ke5 118. Kd7 Ra7+ 119. Ke8 Nc6 120. Rb1 Ke6 121. Re1+ Ne5 122. Kd8 Kd6 123. Kc8 Rc7+ 124. Kd8 Rd7+ 125. Kc8 Rc7+ 126. Kd8 Rd7+ 127. Kc8 Rf7 128. Rd1+ Kc6 129. Rc1+ Kb6 130. Rb1+ Kc5 131. Rc1+ Nc4 132. Kd8 Kd6 133. Ke8 Re7+ 134. Kf8 Ne5 135. Kg8 Ke6 136. Rg1 Nd7 137. Re1+ Ne5 138. Rg1 Nd7 139. Re1+ Ne5 140. Rg1 1/2-1/2


[Site "https://www.chess.com"]

[Event "Titled Tuesday Blitz June 27 Early 2023"]
[White "Sarana, Alexey"]
[Black "Durarbayli, Vasif"]
[WhiteFideId "24133795"]
[BlackFideId "13402935"]
[WhiteElo "3028"]
[BlackElo "2933"]
[Result "1-0"]
[Round "8"]
[TimeControl "180+2"]
[Date "2023.06.27"]
[WhiteClock "0:00:03"]
[BlackClock "0:00:00"]
[Board "3"]

1. d4 Nf6 2. c4 e6 3. Nc3 Bb4 4. e3 O-O 5. Bd3 c5 6. Ne2 cxd4 7. exd4 d5 8. c5 b6 9. a3 Bxc3+ 10. Nxc3 bxc5 11. dxc5 Nbd7 12. b4 a5 13. Rb1 axb4 14. axb4 d4 15. Ne2 Ne5 16. O-O Bb7 17. Bb5 Be4 18. Rb3 d3 19. Ng3 Bg6 20. Bb2 Qb8 21. Bxe5 Qxb5 22. Qd2 Nd5 23. Rc1 Ra4 24. c6 Rxb4 25. Rxb4 Qxb4 26. Qxb4 Nxb4 27. Bd6 d2 28. Rd1 Nxc6 29. Bxf8 Kxf8 30. Rxd2 h6 31. h4 Nb4 32. Rd8+ Ke7 33. Rg8 Kf6 34. f3 Nd5 35. Ra8 Nf4 36. Kh2 Nd5 37. Ra6 Bd3 38. Ra3 Bg6 39. Ra4 Ke7 40. Rg4 Kf6 41. Kh3 e5 42. Ra4 Bf5+ 43. Nxf5 Kxf5 44. Ra7 Kf6 45. Kg3 Nf4 46. Kf2 h5 47. g3 Ne6 48. Ra6 g6 49. Ke3 Kf5 50. Ra7 f6 51. Ra4 Nd4 52. Ra5 Ne6 53. f4 Nd4 54. fxe5 fxe5 55. Rc5 Ne6 56. Rc8 Nd4 57. Rg8 Ne6 58. Kf2 Nd4 59. Rf8+ Ke6 60. Ke3 Nf5+ 61. Kf3 Nd4+ 62. Ke4 Nf5 63. Re8+ Kf6 64. Kf3 Nd4+ 65. Kg2 Nf5 66. Ra8 e4 67. Ra6+ Kf7 68. Kf2 e3+ 69. Kf3 Kg7 70. Ra4 Kf6 71. Re4 Kf7 72. Kf4 Kf6 73. Re8 Kf7 74. Re5 Kf6 75. Re4 Kf7 76. Kg5 Nxg3 77. Rxe3 Nf5 78. Ra3 Nd6 79. Ra7+ Ke6 80. Kxg6 Ne4 81. Kxh5 Kf6 82. Kg4 Kg6 83. h5+ Kh6 84. Ra6+ Kg7 85. Kf4 Nf6 86. Kg5 Nh7+ 87. Kf5 Nf8 88. h6+ Kh7 89. Kg5 Kg8 90. Ra7 Nh7+ 91. Kf5 Nf8 92. Rb7 Nh7 93. Rg7+ Kh8 94. Ke6 Nf8+ 95. Ke7 Nh7 96. Kf7 Nf8 97. Rg1 Kh7 98. Kxf8 1-0


[Site "https://www.chess.com"]

[Event "Titled Tuesday Blitz June 27 Early 2023"]
[White "Van Foreest, Jorden"]
[Black "Makhnev, Denis"]
[WhiteFideId "1039784"]
[BlackFideId "13707647"]
[WhiteElo "2981"]
[BlackElo "2913"]
[Result "0-1"]
[Round "8"]
[TimeControl "180+2"]
[Date "2023.06.27"]
[WhiteClock "0:00:03"]
[BlackClock "0:00:04"]
[Board "4"]

1. e4 e5 2. Nf3 Nc6 3. Bb5 a6 4. Ba4 Nf6 5. d3 b5 6. Bb3 Be7 7. a4 Rb8 8. axb5 axb5 9. Nc3 d6 10. h3 h6 11. O-O O-O 12. Be3 Nb4 13. Ne2 c5 14. Ng3 Be6 15. Bxe6 fxe6 16. c3 Nc6 17. Ra6 Qc8 18. Ra2 d5 19. Re1 Rd8 20. Qe2 Bf8 21. Rea1 c4 22. dxc4 bxc4 23. Bc1 Re8 24. Ra6 Qb7 25. Kh2 Qb5 26. Qc2 d4 27. Qa4 Rec8 28. Nd2 Nd8 29. Ra5 Qc6 30. Nf3 Nf7 31. cxd4 exd4 32. Nxd4 Qd6 33. Nf3 Nxe4 34. Ra6 Qd5 35. Bf4 Nc5 36. Qc2 Nxa6 37. Rxa6 Ra8 38. Rb6 Bc5 39. Rb5 Qd3 40. Qc1 Bxf2 41. Nh5 Qg6 42. Qd2 Bc5 43. g4 Bf8 44. Qe2 Qd3 45. Qf2 Rd8 46. Rb7 Qd5 47. Bg3 Qxb7 48. Nh4 Bd6 49. Ng6 Bxg3+ 50. Kxg3 Qc7+ 51. Kh4 Rd5 52. Qe3 Qd8+ 53. Kg3 Ra6 54. Nhf4 Rd3 55. Nxd3 Qxd3 0-1


[Site "https://www.chess.com"]

[Event "Titled Tuesday Blitz June 27 Early 2023"]
[White "Bacrot, Etienne"]
[Black "Tari, Aryan"]
[WhiteFideId "605506"]
[BlackFideId "1510045"]
[WhiteElo "2887"]
[BlackElo "2937"]
[Result "0-1"]
[Round "8"]
[TimeControl "180+2"]
[Date "2023.06.27"]
[WhiteClock "0:00:05"]
[BlackClock "0:00:41"]
[Board "5"]

1. e4 e5 2. Nf3 Nc6 3. Bc4 Nf6 4. d3 Bc5 5. Nc3 a6 6. O-O d6 7. a4 h6 8. Be3 Bxe3 9. fxe3 Be6 10. Bxe6 fxe6 11. d4 O-O 12. Qe2 Qe8 13. Qc4 Nxe4 14. Nxe4 d5 15. Qd3 Nb4 16. Qb3 dxe4 17. Nxe5 Rxf1+ 18. Rxf1 a5 19. Rf7 Nc6 20. Rxc7 Nxe5 21. dxe5 Rd8 22. h3 Qg6 23. Qc3 Kh7 24. Kh2 Rd1 25. Qc4 Qf5 26. Rc5 Rd2 27. Kg1 Qf2+ 0-1


[Site "https://www.chess.com"]

[Event "Titled Tuesday Blitz June 27 Early 2023"]
[White "Demchenko, Anton"]
[Black "Terry, Renato"]
[WhiteFideId "4160258"]
[BlackFideId "3803457"]
[WhiteElo "2930"]
[BlackElo "3000"]
[Result "1-0"]
[Round "8"]
[TimeControl "180+2"]
[Date "2023.06.27"]
[WhiteClock "0:00:02"]
[BlackClock "0:00:00"]
[Board "6"]

1. e4 c6 2. d4 d5 3. e5 c5 4. Nf3 cxd4 5. Nxd4 Nc6 6. Nxc6 bxc6 7. Bd3 e6 8. Nd2 a5 9. Qe2 Qb6 10. O-O Ba6 11. c4 Ne7 12. b3 Ng6 13. Nf3 Bc5 14. h4 Ne7 15. h5 h6 16. Bd2 O-O 17. Rac1 Rfd8 18. g3 Rd7 19. Kg2 Rad8 20. Bf4 Ba3 21. Rc2 dxc4 22. Bxc4 Bb5 23. Qe4 Nf5 24. g4 Nd4 25. Be3 c5 26. Bxb5 Qxb5 27. Rc4 Bb2 28. g5 Nxf3 29. Qxf3 hxg5 30. Bxg5 Rd3 31. Qe2 R8d4 32. Rc2 Ba3 33. Be3 Rd5 34. h6 Qb7 35. Kh2 Rxe5 36. Qg4 f5 37. Qg6 Qe7 38. Rg1 Kh8 39. hxg7+ Kg8 40. Qh6 1-0


[Site "https://www.chess.com"]

[Event "Titled Tuesday Blitz June 27 Early 2023"]
[White "Lazavik, Denis"]
[Black "Erdogmus, Yagiz Kaan"]
[WhiteFideId "13515110"]
[BlackFideId "44599790"]
[WhiteElo "3028"]
[BlackElo "2860"]
[Result "0-1"]
[Round "8"]
[TimeControl "180+2"]
[Date "2023.06.27"]
[WhiteClock "0:00:00"]
[BlackClock "0:00:03"]
[Board "7"]

1. d4 Nf6 2. c4 e6 3. Nf3 d5 4. g3 dxc4 5. Bg2 Nc6 6. Qa4 Bb4+ 7. Bd2 Nd5 8. Bxb4 Nxb4 9. O-O O-O 10. a3 Nd5 11. Qxc4 Re8 12. Rd1 Nb6 13. Qc2 Qe7 14. Nc3 Bd7 15. Ne4 Red8 16. Nc5 Bc8 17. Rac1 Nd7 18. Nd3 Nf6 19. e3 Bd7 20. b4 a6 21. Nc5 Bc8 22. Nd2 Nd5 23. Nc4 b6 24. Nd3 Bb7 25. Nce5 Na7 26. Qb2 f6 27. Nf3 Qd7 28. Rc2 Nb5 29. Rdc1 Nd6 30. Nd2 Rac8 31. Nb3 Ne7 32. Nbc5 bxc5 33. Nxc5 Qb5 34. a4 Qb6 35. a5 Qb5 36. Nxb7 Nxb7 37. Bf1 Qd7 38. Bxa6 c6 39. h4 Rb8 40. Qa3 Nd6 41. Bf1 Nb5 42. Qb3 Nc7 43. Qa4 Ncd5 44. Rc4 Qd6 45. Rb1 Rb7 46. a6 Nb6 47. Qa2 Nxc4 48. axb7 Nb6 49. b5 cxb5 50. Rxb5 Rb8 51. Qa6 Nc4 52. Qa2 Nxe3 53. fxe3 Qxg3+ 54. Kh1 Qxe3 55. Qh2 Qe4+ 56. Kg1 Qxd4+ 57. Kh1 Qd8 58. Bc4 Nd5 59. Bxd5 exd5 60. Qa2 Kf8 61. Rxd5 Qc7 62. Qa3+ Kf7 63. Qb3 Qxb7 64. Qc4 Rd8 0-1


[Site "https://www.chess.com"]

[Event "Titled Tuesday Blitz June 27 Early 2023"]
[White "Mekhitarian, Krikor Sevag"]
[Black "Paravyan, David"]
[WhiteFideId "2107660"]
[BlackFideId "4194985"]
[WhiteElo "2858"]
[BlackElo "2994"]
[Result "1-0"]
[Round "8"]
[TimeControl "180+2"]
[Date "2023.06.27"]
[WhiteClock "0:00:06"]
[BlackClock "0:00:14"]
[Board "8"]

1. Nf3 Nf6 2. c4 c5 3. Nc3 d5 4. cxd5 Nxd5 5. e3 e6 6. Nxd5 exd5 7. b4 cxb4 8. Bb2 Nc6 9. Bd3 Bd6 10. Qc2 Qe7 11. O-O Bd7 12. Rfe1 O-O-O 13. Nd4 Kb8 14. Qb3 Ne5 15. Be2 Ng4 16. h3 Bh2+ 17. Kf1 Nxf2 18. Kxf2 Qh4+ 19. Kf1 Bxh3 20. Bf3 Bc8 21. Qxb4 Bg3 22. Nc6+ Ka8 23. Qxh4 Bxh4 24. Nxd8 Bxe1 25. Nxf7 Rf8 26. Kxe1 Rxf7 27. Rc1 Bf5 28. Be5 a6 29. Rc7 Rxc7 30. Bxc7 Be6 31. Be5 g6 32. d4 b6 33. Kd2 Kb7 34. Kc3 Kc6 35. e4 g5 36. g4 dxe4 37. Bxe4+ Kd7 38. Bf3 Bxa2 39. d5 a5 40. Bf6 Kd6 41. Kd4 a4 42. Bxg5 a3 43. Bc1 b5 44. Bxa3+ Kd7 45. Bc5 h6 46. Bf8 Bb1 47. Bxh6 1-0


[Site "https://www.chess.com"]